 Dungeon Crawl Stone Soup version 0.21-a0-404-g291f19a (webtiles) character file.

1591 Gealt the Thaumaturge (level 8, 0/42 HPs)
             Began as a Deep Elf Conjurer on Oct 27, 2017.
             Was a Follower of Sif Muna.
             Slain by a bullfrog (3 damage)
             ... on level 7 of the Dungeon.
             The game lasted 00:30:21 (7135 turns).

Gealt the Thaumaturge (Deep Elf Conjurer)           Turns: 7135, Time: 00:30:22

Health: 0/42       AC:  3    Str:  3    XL:     8   Next: 61%
Magic:  4/24       EV: 14    Int: 23    God:    Sif Muna [*.....]
Gold:   237        SH:  0    Dex: 15    Spells: 16/27 levels left

rFire    + . .     SeeInvis .   f - -1 short sword (curse)
rCold    + . .     Gourm    .   (no shield)
rNeg     . . .     Faith    .   a - +0 robe
rPois    .         Spirit   .   (helmet restricted)
rElec    +         Reflect  .   (no cloak)
rCorr    .         Harm     .   l - +0 pair of gloves
MR       .....     Clarity  +   (no boots)
Stlth    +++.......             (no amulet)
HPRegen  0.14/turn              m - ring of protection from cold
MPRegen  0.19/turn              (no ring)

@: no status effects
A: beak, horns 1, blink, clarity, fire resistance 1, electricity resistance,
weak 1
a: Blink, Divine Energy, Renounce Religion


You were on level 7 of the Dungeon.
You worshipped Sif Muna.
Sif Muna was aware of your devotion.
You were not hungry.

You visited 2 branches of the dungeon, and saw 8 of its levels.

You collected 237 gold pieces.

Inventory:

Hand Weapons
 e - a cursed -3 dagger
 f - a cursed -1 short sword (weapon)
 u - a +0 shortbow
 F - a +3 scythe
Armour
 a - a +0 robe (worn)
 l - a +0 pair of gloves (worn)
Jewellery
 m - a ring of protection from cold (left hand)
Scrolls
 d - 3 scrolls of remove curse
 h - a scroll of immolation {unknown}
 i - 4 scrolls of teleportation
 k - 3 scrolls of enchant armour
 q - 2 scrolls of recharging {unknown}
 v - a scroll of magic mapping {unknown}
 w - 3 scrolls of amnesia {unknown}
 y - a scroll of blinking {unknown}
 z - 2 scrolls of random uselessness {unknown}
 B - a scroll of noise {unknown}
 C - a scroll of enchant weapon {unknown}
 E - 2 scrolls of identify
Potions
 g - 3 potions of heal wounds
 j - 4 potions of curing {unknown}
 n - 4 potions of might
 o - a potion of magic {unknown}
 p - a potion of invisibility
 s - a potion of berserk rage {unknown}
 t - 2 potions of mutation {unknown}
 D - a potion of ambrosia {unknown}
Books
 b - a book of Conjurations

   Spells                             Type                      Level
   a - Magic Dart                     Conjuration                  1
   b - Searing Ray                    Conjuration                  2
   c - Dazzling Spray                 Conjuration/Hexes            3
   d - Fulminant Prism                Conjuration/Hexes            4
   e - Force Lance                    Conjuration/Translocation    4
   f - Iskenderun's Mystic Blast      Conjuration                  4
 r - a book of Cantrips

   Spells                             Type                      Level
   a - Confusing Touch                Hexes                        1
   b - Animate Skeleton               Necromancy                   1
   c - Summon Small Mammal            Summoning                    1
   d - Apportation                    Translocation                1
 x - a book of Misfortune

   Spells                             Type                      Level
   a - Confusing Touch                Hexes                        1
   b - Confuse                        Hexes                        3
   c - Gell's Gravitas                Translocation                3
   d - Petrify                        Transmutation/Earth          4
   e - Metabolic Englaciation         Hexes/Ice                    5
   f - Yara's Violent Unravelling     Hexes/Transmutation          5
 H - a book of Flames

   Spells                             Type                      Level
   a - Flame Tongue                   Conjuration/Fire             1
   b - Throw Flame                    Conjuration/Fire             2
   c - Conjure Flame                  Conjuration/Fire             3
   d - Inner Flame                    Hexes/Fire                   3
   e - Sticky Flame                   Conjuration/Fire             4
   f - Fireball                       Conjuration/Fire             5
Comestibles
 c - a fruit
 A - a meat ration
 G - 4 chunks of flesh


   Skills:
 + Level 0.9 Fighting
 + Level 4.0 Bows
 + Level 3.8 Dodging
 + Level 4.5 Stealth
 * Level 10.0 Spellcasting
 + Level 7.1 Conjurations
 + Level 2.5 Hexes
 + Level 0.2 Translocations


You had 16 spell levels left.
You knew the following spells:

 Your Spells              Type           Power        Failure   Level  Hunger
a - Magic Dart            Conj           ####         1%          1    None
b - Searing Ray           Conj           #####.       1%          2    None
c - Dazzling Spray        Conj/Hex       ####..       2%          3    None
d - Apportation           Tloc           ##....       4%          1    None
e - Fulminant Prism       Conj/Hex       ####......   8%          4    #......


Dungeon Overview and Level Annotations

Branches:
Dungeon (7/15)             Temple (1/1) D:5

Altars:
Ashenzari
Cheibriados
Dithmenos
Elyvilon
Fedhas
Gozag
Hepliaklqana
Kikubaaqudgha
Makhleb
Nemelex Xobeh
Okawaru
Qazlal
Ru
Sif Muna
Trog
Uskayaw
Vehumet
Wu Jian
Xom
Yredelemnul
Zin
The Shining One

Annotations:
D:4 phantomfoot's ghost, amateur DDEE


Innate Abilities, Weirdness & Mutations

You have a beak for a mouth.
You have a pair of small horns on your head.
You can translocate small distances at will.
You possess an exceptional clarity of mind.
Your flesh is heat resistant. (rF+)
You are resistant to electric shocks. (rElec)
You are weak. (Str -2)


Message History

Sif Muna accepts your kill. (Press . to maintain the ray.)
The centaur shoots an arrow.
The arrow hits you!
A bullfrog comes into view.
The searing ray hits the centaur.
You kill the centaur!
Sif Muna accepts your kill.
Your Conjurations skill increases to level 7!
The searing ray hits the ogre.
The ogre is almost dead.
The ogre hits you with a giant club!
* * * LOW HITPOINT WARNING * * *
The bullfrog hits you.
* * * LOW HITPOINT WARNING * * *
The searing ray hits the ogre.
You kill the ogre!
Sif Muna accepts your kill.
Your Spellcasting skill increases to level 10!
You finish channeling your searing ray.
The bullfrog hits you.
You die...

# # . #.#####
###.####### #.....
...(.))@..########..####
......F.................
###(####...#######..####
# ###...##.......
#.#........# ##.#
#..........# #.
#.#........# ..
#.###....#.# .#
......(.#.# .#


You could see a bullfrog.

Vanquished Creatures
  2 sky beasts (D:5)
  2 phantoms
  A black bear (D:7)
  2 ogres
  3 centaurs
  3 scorpions
  A crimson imp (D:6)
  An orc wizard (D:5)
  3 orc priests (D:5)
  An iguana (D:5)
  3 worker ants (D:5)
  A hound zombie (D:5)
  A hound skeleton (D:5)
  7 gnolls
  7 adders
  2 shadow imps
  An adder zombie (D:5)
  5 worms
  6 dart slugs
  2 leopard geckos
  23 orcs
  5 giant cockroaches (D:1)
  7 goblins
  4 hobgoblins
  8 jackals
  13 kobolds
  2 quokkas
  A ball python (D:1)
  7 bats
  5 frilled lizards
  A leopard gecko skeleton (D:7)
  7 rats
137 creatures vanquished.

Vanquished Creatures (others)
  6 fulminant prisms
6 creatures vanquished.

Grand Total: 143 creatures vanquished

Notes
Turn   | Place    | Note
-------+----------+-------------------------------------------
     0 | D:1      | Gealt the Deep Elf Conjurer began the quest for the Orb.
     0 | D:1      | Reached XP level 1. HP: 10/10 MP: 6/6
   182 | D:1      | Reached XP level 2. HP: 11/15 MP: 2/8
   297 | D:1      | Learned a level 2 spell: Searing Ray
   447 | D:1      | Reached skill level 5 in Conjurations
   703 | D:1      | Reached XP level 3. HP: 19/19 MP: 4/9
  1016 | D:2      | Found an ornate altar of the Wu Jian Council.
  1219 | D:1      | Learned a level 3 spell: Dazzling Spray
  1367 | D:2      | Reached skill level 4 in Spellcasting
  1367 | D:2      | Reached XP level 4. HP: 24/24 MP: 8/12
  1778 | D:3      | Noticed a centaur
  1872 | D:2      | Learned a level 1 spell: Apportation
  2118 | D:3      | Reached skill level 5 in Spellcasting
  2344 | D:3      | Killed a centaur
  2344 | D:3      | Reached XP level 5. HP: 5/28 MP: 5/15
  3578 | D:4      | Noticed phantomfoot's ghost (amateur DDEE)
  3595 | D:5      | Entered Level 5 of the Dungeon
  3807 | D:5      | Reached skill level 6 in Spellcasting
  3878 | D:5      | Reached XP level 6. HP: 20/32 MP: 2/17
  4054 | D:5      | Found a radiant altar of Vehumet.
  4060 | D:5      | Reached skill level 1 in Bows
  4205 | D:5      | Found a staircase to the Ecumenical Temple.
  4259 | D:5      | Noticed a sky beast
  4351 | Temple   | Entered the Ecumenical Temple
  4410 | Temple   | Became a worshipper of Sif Muna the Loreminder
  4698 | D:5      | Noticed a sky beast
  4712 | D:5      | Killed a sky beast
  4712 | D:5      | Reached skill level 1 in Hexes
  4712 | D:5      | Reached XP level 7. HP: 37/37 MP: 8/18
  4781 | D:5      | Gained mutation: You are resistant to electric shocks. (rElec) [mutagenic meat]
  4782 | D:5      | Gained mutation: You possess an exceptional clarity of mind. [mutagenic meat]
  4784 | D:5      | Gained mutation: You have a beak for a mouth. [mutagenic meat]
  4871 | D:5      | Gained mutation: You can translocate small distances at will. [mutagenic meat]
  4872 | D:5      | Gained mutation: You have a pair of small horns on your head. [mutagenic meat]
  4873 | D:5      | Gained mutation: Your flesh is heat resistant. (rF+) [mutagenic meat]
  4874 | D:5      | Gained mutation: You are weak. (Str -2) [mutagenic meat]
  4928 | D:5      | Reached skill level 7 in Spellcasting
  5608 | D:5      | Reached XP level 8. HP: 38/42 MP: 17/21
  5731 | D:5      | Learned a level 4 spell: Fulminant Prism
  5760 | D:5      | Reached skill level 8 in Spellcasting
  5763 | D:5      | Reached * piety under Sif Muna
  6700 | D:6      | Reached skill level 9 in Spellcasting
  7135 | D:7      | Reached skill level 10 in Spellcasting
  7135 | D:7      | Slain by a bullfrog

Vault maps used:
D:1:      minmay_arrival_wavy_path
D:2:      old_standard_altar
D:4:      first_bread, serial_shops, kennysheep_mini, eino_curves_04
D:5:      minmay_temple_entry_overgrown, basic_altar
D:6:      minivault_11
Temple:   regret_index_temple_sigil_plot

Skill      XL: |  1  2  3  4  5  6  7  8 |
---------------+-------------------------+-----
Conjurations   | 5 6 7 |  7.1
Stealth        | 3 4 |  4.5
Spellcasting   | 4 5 6 7 10 | 10.0
Dodging        | 3 |  3.8
Bows           | 2 4 |  4.0
Hexes          | 1 2 |  2.5
Fighting       | |  0.9
Translocations | |  0.2

Action                   |  1- 3 |  4- 6 |  7- 9 || total
-------------------------+-------+-------+-------++-------
Melee: Unarmed           |     2 |       |       ||     2
       Short sword       |       |       |     3 ||     3
 Fire: Shortbow          |       |    38 |       ||    38
 Cast: Magic Dart        |    87 |    59 |    91 ||   237
       Searing Ray       |     2 |    21 |    15 ||    38
       Dazzling Spray    |       |    10 |     2 ||    12
       Fulminant Prism   |       |       |     6 ||     6
       Apportation       |       |       |     2 ||     2
 Abil: Blink             |       |       |     1 ||     1
  Use: Scroll            |     4 |     1 |     1 ||     6
  Eat: Chunk             |     1 |     1 |    11 ||    13
       Fruit             |       |     2 |       ||     2
       Bread ration      |       |     1 |       ||     1
       Meat ration       |       |     1 |     1 ||     2
Armor: Robe              |    17 |     9 |     1 ||    27
Dodge: Dodged            |    40 |    26 |    19 ||    85

Table legend:
 A = Spawn XP
 B = Non-spawn XP
 C = Spawn XP percentage of total XP
 D = Spawn monster count
 E = Non-spawn monster count
 F = Spawn count percentage of total count
 G = Total turns spent on level
                    A         B        C        D         E        F      G
               +---------+---------+-------+---------+---------+-------+---------
         Total |       0 |    2273 |   0.0 |       0 |     137 |   0.0 |  7135
               +---------+---------+-------+---------+---------+-------+---------
           D:1 |       0 |      47 |   0.0 |       0 |      28 |   0.0 |  1024
           D:2 |       0 |      74 |   0.0 |       0 |      19 |   0.0 |   829
           D:3 |       0 |     224 |   0.0 |       0 |      30 |   0.0 |  1675
           D:4 |       0 |      19 |   0.0 |       0 |       6 |   0.0 |    67
           D:5 |       0 |    1260 |   0.0 |       0 |      38 |   0.0 |  2074
           D:6 |       0 |     208 |   0.0 |       0 |       8 |   0.0 |   971
           D:7 |       0 |     441 |   0.0 |       0 |       8 |   0.0 |   222
               +---------+---------+-------+---------+---------+-------+---------
